TOP OF THE 1ST |
Gilbert Fire Fighters batting - Pitching for Plymouth Cocks : RHP Dan Ramsey
|
Pitching: RHP Dan Ramsey
|
|
Batting: RHB Cristián Cauozos
|
0-0: Ball 1-0: Ball 2-0: Ball 3-0: Called Strike 3-1: Foul Ball, location: 2F 3-2: Base on Balls
|
Batting: RHB James Richardson
|
0-0: Ball 1-0: Called Strike 1-1: Ball 2-1: Grounds into double play, 6-4-3 (Groundball, 56)
|
Batting: SHB George Wells
|
0-0: Called Strike 0-1: Foul Ball, location: 2F 0-2: Ball 1-2: Ground out U3 (Groundball, 3S)
|
Top of the 1st over - 0 run(s), 0 hit(s), 0 error(s), 0 left on base; Gilbert 0 - Plymouth 0 |
BOTTOM OF THE 1ST |
Plymouth Cocks batting - Pitching for Gilbert Fire Fighters : RHP Ángel Rodríguez
|
Pitching: RHP Ángel Rodríguez
|
|
Batting: LHB Greg Sharpe
|
0-0: Ball 1-0: Fly out, F7 (Flyball, 7)
|
Batting: RHB John Gauthier
|
0-0: Called Strike 0-1: Ball 1-1: Swinging Strike 1-2: Ball 2-2: Ball 3-2: Base on Balls
|
Batting: RHB Lorenzo Silva
|
0-0: Called Strike 0-1: SINGLE (Groundball, 34D) John Gauthier to second Runner from 2nd tries for 3rd, SAFE, throw made to third
|
Batting: RHB Sam Elder
|
0-0: Grounds into double play, 5-4-3 (Groundball, 5)
|
Bottom of the 1st over - 0 run(s), 1 hit(s), 0 error(s), 1 left on base; Gilbert 0 - Plymouth 0 |
TOP OF THE 2ND |
Gilbert Fire Fighters batting - Pitching for Plymouth Cocks : RHP Dan Ramsey
|
Batting: RHB George Medine
|
0-0: Ball 1-0: Fly out, F8 (Flyball, 8LM)
|
Batting: LHB Bill Handy
|
0-0: Ball 1-0: Foul Ball, location: 2F 1-1: Foul Ball, location: 2F 1-2: Foul Ball, location: 2F 1-2: Fly out, F7 (Line Drive, 7S)
|
Batting: RHB Jorge Álvarez
|
0-0: Ball 1-0: Ball 2-0: Ball 3-0: Called Strike 3-1: Swinging Strike 3-2: Strikes out looking
|
Top of the 2nd over - 0 run(s), 0 hit(s), 0 error(s), 0 left on base; Gilbert 0 - Plymouth 0 |
BOTTOM OF THE 2ND |
Plymouth Cocks batting - Pitching for Gilbert Fire Fighters : RHP Ángel Rodríguez
|
Batting: RHB Jeffrey Barker
|
0-0: Called Strike 0-1: Ball 1-1: SOLO HOME RUN (Flyball, 78XD), Distance : 416 ft
|
Batting: LHB T.J. Richardson
|
0-0: Called Strike 0-1: Ball 1-1: Called Strike 1-2: Ball 2-2: Strikes out swinging
|
Batting: LHB Joe Vásquez
|
0-0: Swinging Strike 0-1: Ball 1-1: Called Strike 1-2: Foul Ball, location: 2F 1-2: Ball 2-2: Foul Ball, location: 2F 2-2: Foul Ball, location: 2F 2-2: Ball 3-2: Base on Balls
|
Batting: RHB Jason Cook
|
0-0: Fielders Choice at 2nd, 6-4 (Groundball, 6)
|
Batting: LHB Barry Pierce
|
0-0: Ball 1-0: Called Strike 1-1: Ball 2-1: Ball 3-1: Base on Balls Jason Cook to second
|
Batting: LHB Greg Sharpe
|
0-0: Ball 1-0: Ball 2-0: Foul Ball, location: 2F 2-1: Foul Ball, location: 2F 2-2: TRIPLE (Line Drive, 9LS) Jason Cook scores Barry Pierce scores
|
Batting: RHB John Gauthier
|
0-0: Ball 1-0: Ball 2-0: Ground out 6-3 (Groundball, 6S)
|
Bottom of the 2nd over - 3 run(s), 2 hit(s), 0 error(s), 1 left on base; Gilbert 0 - Plymouth 3 |
TOP OF THE 3RD |
Gilbert Fire Fighters batting - Pitching for Plymouth Cocks : RHP Dan Ramsey
|
Batting: RHB Carl Curry
|
0-0: Called Strike 0-1: SINGLE (Groundball, 34S) (infield hit)
|
Batting: RHB Ángel Rodríguez
|
0-0: Ball 1-0: Ball 2-0: Foul Ball, location: 2F 2-1: Called Strike 2-2: Foul Ball, location: 2F 2-2: Foul Ball, location: 2F 2-2: Foul Ball, location: 2F 2-2: Strikes out swinging
|
Batting: RHB James Jones
|
0-0: Ball 1-0: Called Strike 1-1: Ball 2-1: SINGLE (Groundball, 34D) Carl Curry to second Runner from 2nd tries for 3rd, SAFE, throw made to third
|
Batting: RHB Cristián Cauozos
|
0-0: 3-RUN HOME RUN (Line Drive, 7D), Distance : 398 ft
|
Batting: RHB James Richardson
|
0-0: Fly out, F8 (Flyball, 8RS)
|
Batting: SHB George Wells
|
0-0: Ball 1-0: Fly out, F9 (Flyball, 89S)
|
Top of the 3rd over - 3 run(s), 3 hit(s), 0 error(s), 0 left on base; Gilbert 3 - Plymouth 3 |
BOTTOM OF THE 3RD |
Plymouth Cocks batting - Pitching for Gilbert Fire Fighters : RHP Ángel Rodríguez
|
Batting: RHB Lorenzo Silva
|
0-0: Fly out, F7 (Flyball, 7)
|
Batting: RHB Sam Elder
|
0-0: Foul Ball, location: 2F 0-1: Ball 1-1: Fly out, F4 (Line Drive, 4)
|
Batting: RHB Jeffrey Barker
|
0-0: Called Strike 0-1: Ball 1-1: Ground out 6-3 (Groundball, 6M)
|
Bottom of the 3rd over - 0 run(s), 0 hit(s), 0 error(s), 0 left on base; Gilbert 3 - Plymouth 3 |
TOP OF THE 4TH |
Gilbert Fire Fighters batting - Pitching for Plymouth Cocks : RHP Dan Ramsey
|
Batting: RHB George Medine
|
0-0: Called Strike 0-1: Ground out 6-3 (Groundball, 56)
|
Batting: LHB Bill Handy
|
0-0: Ball 1-0: Foul Ball, location: 2F 1-1: Ball 2-1: Foul Ball, location: 2F 2-2: SINGLE (Line Drive, 4MD)
|
Batting: RHB Jorge Álvarez
|
0-0: Called Strike 0-1: Ball 1-1: Ball 2-1: Called Strike 2-2: Strikes out swinging Bill Handy steals 2nd base Batter strikes out.
|
Batting: RHB Carl Curry
|
0-0: Foul Ball, location: 2F 0-1: Ground out 1-3 (Groundball, 13)
|
Top of the 4th over - 0 run(s), 1 hit(s), 0 error(s), 1 left on base; Gilbert 3 - Plymouth 3 |
TOP OF THE 5TH |
Gilbert Fire Fighters batting - Pitching for Plymouth Cocks : RHP Dan Ramsey
|
Batting: RHB Ángel Rodríguez
|
0-0: Fly out, F9 (Flyball, 89M)
|
Now in RF: Jim MacAchounich
|
|
Batting: RHB James Jones
|
0-0: Ball 1-0: Ball 2-0: SINGLE (Line Drive, 3)
|
Batting: RHB Cristián Cauozos
|
0-0: Ball 1-0: Called Strike 1-1: Swinging Strike 1-2: Ball 2-2: Foul Ball, location: 2F 2-2: Foul Ball, location: 2F 2-2: Foul Ball, location: 2F 2-2: Foul Ball, location: 2F 2-2: Ball 3-2: Strikes out swinging
|
Batting: RHB James Richardson
|
0-0: Called Strike 0-1: Ball 1-1: Foul Ball, location: 2F 1-2: Foul Ball, location: 2F 1-2: Foul Ball, location: 2F 1-2: Ball 2-2: Ball 3-2: SINGLE (Groundball, 56D) James Jones to second James Jones to third
|
Pitching: RHP Rich Wiggins
|
|
Batting: SHB George Wells
|
0-0: Called Strike 0-1: Ball 1-1: Ground out 4-3 (Groundball, 34)
|
Top of the 5th over - 0 run(s), 2 hit(s), 0 error(s), 2 left on base; Gilbert 3 - Plymouth 6 |
BOTTOM OF THE 5TH |
Plymouth Cocks batting - Pitching for Gilbert Fire Fighters : RHP Ángel Rodríguez
|
Batting: RHB Lorenzo Silva
|
0-0: Called Strike 0-1: Foul Ball, location: 2F 0-2: Strikes out swinging
|
Batting: RHB Sam Elder
|
0-0: Called Strike 0-1: Ball 1-1: Ball 2-1: Fly out, F9 (Flyball, 9S)
|
Batting: RHB Jim MacAchounich
|
0-0: SINGLE (Groundball, 56D)
|
Batting: LHB T.J. Richardson
|
0-0: Ball 1-0: Fly out, F8 (Flyball, 8RM)
|
Bottom of the 5th over - 0 run(s), 1 hit(s), 0 error(s), 1 left on base; Gilbert 3 - Plymouth 6 |
TOP OF THE 6TH |
Gilbert Fire Fighters batting - Pitching for Plymouth Cocks : RHP Rich Wiggins
|
Batting: RHB George Medine
|
0-0: Ball 1-0: Swinging Strike 1-1: Ball 2-1: Ball 3-1: Called Strike 3-2: SINGLE (Groundball, 56D)
|
Batting: LHB Bill Handy
|
0-0: Ball 1-0: Called Strike 1-1: Ball 2-1: Foul Ball, location: 2F 2-2: Strikes out swinging
|
Batting: RHB Jorge Álvarez
|
0-0: Ball 1-0: Called Strike 1-1: Foul Ball, location: 2F 1-2: Ball 2-2: Strikes out swinging
|
Batting: RHB Carl Curry
|
0-0: Ball 1-0: Called Strike 1-1: Foul Ball, location: 2F 1-2: Strikes out swinging
|
Top of the 6th over - 0 run(s), 1 hit(s), 0 error(s), 1 left on base; Gilbert 3 - Plymouth 6 |
BOTTOM OF THE 6TH |
Plymouth Cocks batting - Pitching for Gilbert Fire Fighters : RHP Ángel Rodríguez
|
Batting: LHB Joe Vásquez
|
0-0: Foul Ball, location: 2F 0-1: Swinging Strike 0-2: Foul Ball, location: 2F 0-2: Ground out 3-1 (Groundball, 34)
|
Batting: RHB Jason Cook
|
0-0: Ball 1-0: Called Strike 1-1: SINGLE (Groundball, 6MS) (infield hit)
|
Batting: LHB Barry Pierce
|
0-0: Swinging Strike 0-1: Ball 1-1: Ball 2-1: Called Strike Jason Cook is caught stealing 2nd base 2-2: Ball 3-2: Foul Ball, location: 2F 3-2: Fly out, F7 (Line Drive, 7S)
|
Bottom of the 6th over - 0 run(s), 1 hit(s), 0 error(s), 0 left on base; Gilbert 3 - Plymouth 6 |
TOP OF THE 7TH |
Gilbert Fire Fighters batting - Pitching for Plymouth Cocks : RHP Rich Wiggins
|
Batting: RHB Ángel Rodríguez
|
0-0: Called Strike 0-1: Swinging Strike 0-2: Ball 1-2: Ball 2-2: Ball 3-2: Foul Ball, location: 2F 3-2: Strikes out looking
|
Batting: RHB James Jones
|
0-0: Ground out 6-3 (Groundball, 6)
|
Batting: RHB Cristián Cauozos
|
0-0: Ball 1-0: Called Strike 1-1: Swinging Strike 1-2: Ball 2-2: Ball 3-2: Ground out 5-3 (Groundball, 5)
|
Top of the 7th over - 0 run(s), 0 hit(s), 0 error(s), 0 left on base; Gilbert 3 - Plymouth 6 |
BOTTOM OF THE 7TH |
Plymouth Cocks batting - Pitching for Gilbert Fire Fighters : RHP Ángel Rodríguez
|
Batting: LHB Greg Sharpe
|
0-0: Called Strike 0-1: Ball 1-1: Ground out U3 (Groundball, 34)
|
Batting: RHB John Gauthier
|
0-0: Fly out, F8 (Flyball, 8RM)
|
Batting: RHB Lorenzo Silva
|
0-0: Swinging Strike 0-1: Called Strike 0-2: SINGLE (Line Drive, 5)
|
Batting: RHB Sam Elder
|
0-0: Ball 1-0: Swinging Strike 1-1: SINGLE (Line Drive, 89S) Lorenzo Silva to second Runner from 2nd tries for 3rd, SAFE, no throw
|
Batting: RHB Jim MacAchounich
|
0-0: Ball 1-0: Ball 2-0: Ball 3-0: Called Strike 3-1: Ground out 6-3 (Groundball, 6M)
|
Bottom of the 7th over - 0 run(s), 2 hit(s), 0 error(s), 2 left on base; Gilbert 3 - Plymouth 6 |
TOP OF THE 8TH |
Gilbert Fire Fighters batting - Pitching for Plymouth Cocks : RHP Rich Wiggins
|
Pitching: RHP Jorge Martínez
|
|
Batting: RHB James Richardson
|
0-0: Called Strike 0-1: Called Strike 0-2: Ball 1-2: Ball 2-2: Strikes out swinging
|
Batting: SHB George Wells
|
0-0: Foul Ball, location: 2F 0-1: Called Strike 0-2: Foul Ball, location: 2F 0-2: Foul Ball, location: 2F 0-2: Strikes out swinging
|
Batting: RHB George Medine
|
0-0: Called Strike 0-1: Called Strike 0-2: Ball 1-2: Ball 2-2: Ball 3-2: Base on Balls
|
Pitching: LHP Bill Martin
|
|
Batting: LHB Bill Handy
|
0-0: Foul Ball, location: 2F 0-1: SINGLE (Line Drive, 8LS) George Medine to second
|
Pitching: RHP Marvin Dixon
|
|
Batting: RHB Jorge Álvarez
|
0-0: Ball 1-0: Swinging Strike 1-1: Ball 2-1: Called Strike 2-2: Strikes out looking
|
Top of the 8th over - 0 run(s), 1 hit(s), 0 error(s), 2 left on base; Gilbert 3 - Plymouth 6 |
BOTTOM OF THE 8TH |
Plymouth Cocks batting - Pitching for Gilbert Fire Fighters : RHP Ángel Rodríguez
|
Batting: LHB T.J. Richardson
|
0-0: Ball 1-0: Ball 2-0: Ball 3-0: Base on Balls
|
Batting: LHB Joe Vásquez
|
0-0: Called Strike 0-1: Ball 1-1: Called Strike 1-2: Ball 2-2: Ball 3-2: Strikes out swinging
|
Batting: RHB Jason Cook
|
0-0: Called Strike 0-1: Foul Ball, location: 2F 0-2: Ball 1-2: Fly out, F6 (Line Drive, 56)
|
Batting: LHB Barry Pierce
|
0-0: Called Strike 0-1: Ball 1-1: SINGLE (Flyball, 78M) T.J. Richardson to second
|
Batting: LHB Greg Sharpe
|
0-0: Fly out, F1 (Line Drive, 13)
|
Bottom of the 8th over - 0 run(s), 1 hit(s), 0 error(s), 2 left on base; Gilbert 3 - Plymouth 6 |
TOP OF THE 9TH |
Gilbert Fire Fighters batting - Pitching for Plymouth Cocks : RHP Marvin Dixon
|
Pitching: LHP Mathew Bentley
|
|
Batting: RHB Carl Curry
|
0-0: Called Strike 0-1: Ball 1-1: Foul Ball, location: 2F 1-2: Strikes out swinging
|
Batting: RHB Ángel Rodríguez
|
0-0: Called Strike 0-1: Called Strike 0-2: Strikes out swinging
|
Batting: RHB James Jones
|
0-0: Ball 1-0: Called Strike 1-1: Called Strike 1-2: Ball 2-2: Strikes out swinging
|
Top of the 9th over - 0 run(s), 0 hit(s), 0 error(s), 0 left on base; Gilbert 3 - Plymouth 6 |
|